 Dungeon Crawl Stone Soup version 0.31-a0-569-g7ea453304b (webtiles) character file.

Game seed: 6528383996611258453

131 Ethylacetat the Ducker (level 5, -2/36 HPs)
             Began as an Octopode Gladiator on Aug 18, 2023.
             Slain by Edmund
             ... wielding a +2 dire flail of protection
              (9 damage)
             ... on level 4 of the Dungeon.
             The game lasted 00:03:12 (2870 turns).

Ethylacetat the Ducker (Octopode Gladiator)         Turns: 2870, Time: 00:03:13

Health: -2/36      AC:  1    Str: 13    XL:     5   Next: 14%
Magic:  5/5        EV: 14    Int: 11    God:
Gold:   177        SH:  0    Dex: 15    Spells: 4/4 levels left

rFire   . .          .
                       - Unarmed
rCold   . . .        (no shield)
rNeg    . . .        a - +0 hat
rPois   .            (no amulet)
rElec   .            (no ring)
rCorr   .            (no ring)
SInv    .            (no ring)
Will    .....        (no ring)
Stlth   ++           (no ring)
HPRegen 0.26/turn    (no ring)
MPRegen 0.09/turn    (no ring)
                     (no ring)

%: no passive effects
@: no status effects
A: almost no armour, amphibious, 8 rings, camouflage 1, gelatinous body 1,
(nimble swimmer 1), tentacles
a: no special abilities


You were on level 4 of the Dungeon.
You visited 1 branch of the dungeon, and saw 4 of its levels.

You collected 177 gold pieces.

Inventory:

Missiles
 b - 3 throwing nets (quivered)
 c - a javelin
Armour
 a - a +0 hat (worn)
Scrolls
 f - a scroll of summoning {unknown}
 g - 2 scrolls of identify {unknown}
 i - 2 scrolls of amnesia {unknown}
 j - a scroll of acquirement {unknown}
 l - a scroll of fog {unknown}
 n - 3 scrolls of teleportation {unknown}
 o - a scroll of brand weapon {unknown}
 r - a scroll of immolation {unknown}
 s - 2 scrolls of enchant armour {unknown}
 u - a scroll of enchant weapon {unknown}
Potions
 d - a potion of invisibility {unknown}
 e - 2 potions of curing {unknown}
 h - a potion of enlightenment {unknown}
 k - a potion of brilliance {unknown}
 m - 4 potions of heal wounds {unknown}
 p - a potion of berserk rage {unknown}
 q - a potion of attraction {unknown}
 t - a potion of lignification {unknown}


   Skills:
 + Level 3.4 Fighting
 - Level 2.0 Throwing
 + Level 4.0 Dodging
 + Level 4.0 Unarmed Combat


You had 4 spell levels left.
You didn't know any spells.
Your spell library contained the following spells:

 Spells                   Type           Power      Damage    Failure   Level
 Flame Wave               Conj/Fire      0%         2d4       98%         4
 Iskenderun's Mystic Bla  Conj/Tloc      0%         2d3       98%         4
 Conjure Ball Lightning   Conj/Air       0%         3x3d6     100%        6


Dungeon Overview and Level Annotations

Branches:
Dungeon (4/15)
 Temple: D:4-7

Altars:
Fedhas
Kikubaaqudgha

Annotations:
D:4 Edmund


Innate Abilities, Weirdness & Mutations

You cannot wear most types of armour.
You are amphibious.
You can wear up to eight rings at the same time.
Your skin changes colour to match your surroundings (Stealth+).
Your rubbery body absorbs attacks. (AC +1, EV +1)
((You are camouflaged when in or above water. (Stealth+)))
You have tentacles for arms and can constrict up to eight enemies at once.


Message History

You tentacle-slap Edmund but do no damage.
You grab Edmund. You squeeze Edmund.
Edmund is lightly wounded.
You constrict Edmund. Edmund barely misses you.
You tentacle-slap Edmund.
Edmund is lightly wounded.
You constrict Edmund, but do no damage.
Edmund is no longer moving quickly.
Edmund hits you with a +2 dire flail of protection!
You tentacle-slap Edmund.
Edmund is moderately wounded.
You constrict Edmund, but do no damage. Edmund completely misses you.
You tentacle-slap Edmund.
Edmund is moderately wounded.
You constrict Edmund, but do no damage. Edmund misses you.
You tentacle-slap Edmund but do no damage.
Edmund is moderately wounded.
You constrict Edmund, but do no damage. Edmund barely misses you.
You tentacle-slap Edmund.
Edmund is moderately wounded.
You constrict Edmund, but do no damage. Edmund barely misses you.
You bludgeon Edmund! You squeeze Edmund.
Edmund is heavily wounded.
You constrict Edmund.
Edmund hits you with a +2 dire flail of protection!
* * * LOW HITPOINT WARNING * * *
Attack: -) Tentacles
Press: ? - help, Dir - move target, f - Edmund
Aim: Edmund, wielding a +2 dire flail of protection and wearing a +0 leather armour (heavily wounded, constricted by you, about 9% to evade your tentacles)
Okay, then.
You tentacle-slap Edmund.
You tentacle-slap Edmund, but do no damage.
Edmund is heavily wounded.
You constrict Edmund.
Edmund hits you with a +2 dire flail of protection.
* * * LOW HITPOINT WARNING * * *
You tentacle-slap Edmund but do no damage.
Edmund is heavily wounded.
You constrict Edmund.
Edmund hits you with a +2 dire flail of protection!
You die...

............##...######.######
............##...# #.#
............##...# #.#
.<..........##...# #.#
............##...# #.#
............J....######.#
............#...J.......#
............#..#@########
............#..#@#.....#
)...........#..#.#.#.###
...............#.#..^..#
...........)##.#.....#.#
............##...#####.#
............#....#####.#
.......................#
.............###.#######
.............# #.#


You could see Edmund and an endoplasm.

Vanquished Creatures
  4 adders
  2 worms
  2 dart slugs
  2 orcs (D:3)
  8 endoplasms
  3 giant cockroaches
  7 goblins
  10 hobgoblins
  5 jackals (D:2)
  7 kobolds
  3 quokkas
  7 ball pythons
  6 bats
  4 frilled lizards
  4 rats
74 creatures vanquished.

Notes
Turn   | Place    | Note
-------+----------+-------------------------------------------
     0 | D:1      | Ethylacetat the Octopode Gladiator began the quest for the
                  | Orb.
     0 | D:1      | Reached XP level 1. HP: 14/14 MP: 1/1
   250 | D:1      | Reached XP level 2. HP: 13/19 MP: 2/2
   655 | D:1      | Reached XP level 3. HP: 25/25 MP: 3/3
   752 | D:1      | Found a faded altar of an unknown god.
  1439 | D:2      | Reached XP level 4. HP: 27/30 MP: 4/4
  1936 | D:3      | Found a blossoming altar of Fedhas.
  2111 | D:3      | Got the Cyclopedia of Dimensional Battle Magic
  2152 | D:3      | Found an ancient bone altar of Kikubaaqudgha.
  2726 | D:4      | Reached XP level 5. HP: 36/36 MP: 5/5
  2835 | D:4      | Noticed Edmund
  2870 | D:4      | Slain by Edmund

Illustrated notes

Levels and vault maps discovered:
D:1:      saegor_arrival_fortress, layout_basic, basic_ecumenical_altar,
          nicolae_hexahallways, minmay_circled_x
D:2:      layout_loops_ring
D:3:      layout_rooms, amcnicky_altar_gilded, mainiacjoe_overflow_24_doors,
          nicolae_wormholes
D:4:      layout_basic, temple_fountains, bh_walls_and_bars, uniq_edmund

Skill      XL: |  1  2  3  4 |
---------------+-------------+-----
Fighting       | 3 |  3.4
Dodging        | 4 |  4.0
Unarmed Combat | 4 |  4.0
Throwing       | |  2.0

Action                     |  1- 3 |  4- 6 || total
---------------------------+-------+-------++-------
  Melee: Unarmed           |    84 |    81 ||   165
         Constrict         |    24 |    25 ||    49
         Tentacles         |    12 |    21 ||    33
         Punch             |     3 |     5 ||     8
   Stab: Sleeping          |     7 |     6 ||    13
         Distracted        |     1 |     1 ||     2
 Armour: Skin              |     4 |     5 ||     9
  Dodge: Dodged            |    72 |    41 ||   113

Table legend: (Time is in decaauts)
 A = Elapsed time spent in this place.
 B = Non-inter-level travel time spent in this place.
 C = Inter-level travel time spent in this place.
 D = Time resting spent in this place.
 E = Time spent auto-exploring this place.
 F = Levels seen in this place.
 G = Mean time per level.
                   A        B        C        D        E       F      G
               +--------+--------+--------+--------+--------+-----+--------+
         Total |   2860 |   2790 |     70 |      3 |   2334 |   4 |  715.0 |
       Dungeon |   2860 |   2790 |     70 |      3 |   2334 |   4 |  715.0 |
               +--------+--------+--------+--------+--------+-----+--------+

Top non-repeatable levels by time:
     D:1: 1155 daAuts
     D:3: 766 daAuts
     D:2: 694 daAuts
     D:4: 245 daAuts
